 Dungeon Crawl Stone Soup version 0.17.2-1-ge4368a0 (webtiles) character file.

291 Goblin1989 the Cudgeler (level 6, -9/47 HPs)
             Began as a Demonspawn Fighter on Oct 18, 2016.
             Killed from afar by Dowan (14 damage)
             ... with a stone arrow
             ... on level 4 of the Dungeon.
             The game lasted 00:08:29 (3104 turns).

Goblin1989 the Cudgeler (Demonspawn Fighter)        Turns: 3104, Time: 00:08:30

Health: -9/47      AC:  8    Str: 24    XL:     6   Next: 10%
Magic:  6/6        EV:  7    Int:  9    God:
Gold:   91         SH:  9    Dex: 12    Spells: 0 memorised, 5 levels left

rFire  . . .     SeeInvis .     a - +0 flail
rCold  . . .     Clarity  .     b - +0 scale mail
rNeg   + . .     SustAt   .     c - +0 shield
rPois  +         Gourm    .     n - +0 helmet
rElec  .         Spirit   .     (no cloak)
rCorr  .         Warding  .     m - +0 pair of gloves
rMut   .         Stasis   .     (no boots)
MR     .....                    (no amulet)
Stlth  +.........               f - ring of positive energy
                                o - ring of poison resistance

@: mighty, not resistant to hostile enchantments, very unstealthy
A: nightstalker 1
a: no special abilities


You were on level 4 of the Dungeon.
You were not hungry.

You visited 1 branch of the dungeon, and saw 4 of its levels.

You collected 91 gold pieces.

Inventory:

Hand Weapons
 a - a +0 flail (weapon)
Armour
 b - a +0 scale mail (worn)
 c - a +0 shield (worn)
 m - a +0 pair of gloves (worn)
 n - a +0 helmet (worn)
Jewellery
 f - a ring of positive energy (right hand)
 o - a ring of poison resistance (left hand)
Scrolls
 i - a scroll of fog {unknown}
 k - 3 scrolls of identify {unknown}
 p - 2 scrolls of fear {unknown}
 r - 2 scrolls of enchant weapon {unknown}
 t - a scroll of amnesia {unknown}
 u - a scroll of magic mapping {unknown}
 y - a scroll of remove curse {unknown}
 A - a scroll of random uselessness {unknown}
 B - a scroll of teleportation {unknown}
 C - a scroll of enchant armour {unknown}
Potions
 g - 2 potions of ambrosia {unknown}
 h - 4 potions of curing {unknown}
 j - 2 potions of invisibility {unknown}
 l - a potion of heal wounds {unknown}
 q - 2 potions of cancellation {unknown}
 s - a potion of poison {unknown}
 v - a potion of degeneration {unknown}
 x - a potion of agility {unknown}
 z - a potion of brilliance {unknown}
Comestibles
 e - 3 bread rations {@e1}
 w - a beef jerky


   Skills:
 - Level 3.0 Fighting
 + Level 5.9 Maces & Flails
 - Level 2.6 Armour
 - Level 2.6 Shields


You had 5 spell levels left.
You didn't know any spells.

Dungeon Overview and Level Annotations

Branches:
Dungeon (4/15)
 Temple: D:4-7

Altars:
Qazlal
Ru
Vehumet

Annotations:
D:4 Dowan


Innate Abilities, Weirdness & Mutations

You are slightly more attuned to the shadows.


Message History

Things that are here:
a rapier; a shiny chain mail; a viscous silvery potion Dowan gestures at you while chanting.
You block the stone arrow.
Things that are here:
a rapier; a shiny chain mail; a viscous silvery potion You closely miss Dowan.
You block Dowan's attack. Dowan gestures at you while chanting.
The stone arrow hits you!
* * * LOW HITPOINT WARNING * * *
You take 4 damage, and have 4/47 hp.
You barely miss Dowan. You block Dowan's attack.
Dowan hits you but does no damage.
You hit Dowan.
Dowan is lightly wounded.
Dowan gestures at you while chanting. The stone arrow misses you.
Dowan casts a spell at you. The stone arrow hits you!
You die...

█████..████.. █..
█.........██.█..
█.........██...█ █
█..............██.█
......>....███...█.██
███████.█████.......█
█.███......█..
███████>....███e██
█........████ █@█
██.█████.██ █.█ ...█
█[█ █.█


████ █.█ █.█ █ ..█ █.█ █ .. ... █ ... █ ... You could see Dowan.

Vanquished Creatures
  Duvessa (D:4)
  A hound (D:4)
  Natasha (thrice) (D:4)
  A worker ant (D:4)
  5 adders
  2 oozes (D:2)
  2 worms
  An orc (D:3)
  3 ball pythons
  4 giant cockroaches
  7 hobgoblins
  7 bats
  3 giant newts
  4 goblins
  5 kobolds
  3 rats
52 creatures vanquished.

Notes
Turn   | Place    | Note
--------------------------------------------------------------
     0 | D:1      | Goblin1989 the Demonspawn Fighter began the quest for the Orb.
     0 | D:1      | Reached XP level 1. HP: 18/18 MP: 1/1
   229 | D:1      | Gained mutation: You are slightly more attuned to the shadows. [demonic ancestry]
   229 | D:1      | Reached XP level 2. HP: 14/24 MP: 2/2
   957 | D:2      | Reached XP level 3. HP: 24/29 MP: 3/3
  1456 | D:2      | Reached XP level 4. HP: 26/35 MP: 4/4
  1739 | D:3      | Reached skill level 4 in Maces & Flails
  1876 | D:3      | Found a radiant altar of Vehumet.
  1889 | D:3      | Found a sacrificial altar of Ru.
  2267 | D:4      | Found a stormy altar of Qazlal.
  2267 | D:4      | Noticed a fire elemental
  2270 | D:4      | Noticed an air elemental
  2270 | D:4      | Noticed a water elemental
  2374 | D:4      | Noticed Natasha
  2388 | D:4      | Killed Natasha
  2388 | D:4      | Reached XP level 5. HP: 7/41 MP: 5/5
  2691 | D:4      | Noticed Natasha
  2698 | D:4      | Reached skill level 5 in Maces & Flails
  2701 | D:4      | Killed Natasha
  2841 | D:4      | Noticed Natasha
  2852 | D:4      | Killed Natasha
  3085 | D:4      | Noticed Duvessa
  3085 | D:4      | Noticed Dowan
  3098 | D:4      | Killed Duvessa
  3098 | D:4      | Reached XP level 6. HP: 8/47 MP: 6/6
  3104 | D:4      | Killed from afar by Dowan

Action                   |  1- 3 |  4- 6 || total
-------------------------+-------+-------++-------
Melee: Flail             |   114 |    94 ||   208
  Use: Potion            |       |     2 ||     2
  Eat: Chunk             |     2 |     4 ||     6
       Pizza             |       |     1 ||     1

Vault maps used:
D:1:      elethiomel_arrival_shortcut, minivault_23
D:2:      minmay_misc_feat_rows, minmay_misc_feat_doors
D:3:      minitemple
D:4:      grunt_temple_overflow_gold_and_silver, temple_green,
          dk_noncrumbling_2, nicolae_qazlal_style_of_elements, uniq_natasha,
          uniq_duvessa
